 Dungeon Crawl Stone Soup version 0.21.0 (webtiles) character file.

165 inmateoo the Slasher (level 5, -5/26 HPs)
             Began as a Vine Stalker Skald on Jan 6, 2018.
             Killed by divine providence
             ... invoked by an orc priest
              (10 damage)
             ... on level 5 of the Dungeon.
             The game lasted 00:02:11 (1946 turns).

inmateoo the Slasher (Vine Stalker Skald)           Turns: 1946, Time: 00:02:13

Health: -5/26      AC:  4    Str: 15    XL:     5   Next: 46%
Magic:  0/9        EV: 16    Int: 18    God:
Gold:   123        SH:  4    Dex: 18    Spells: 7/8 levels left

rFire    . . .     SeeInvis .   a - +0 falchion
rCold    + . .     Gourm    .   i - +0 buckler
rNeg     . . .     Faith    .   g - +1 leather armour {rC+}
rPois    .         Spirit   +   (no helmet)
rElec    .         Reflect  .   (no cloak)
rCorr    .         Harm     .   (no gloves)
MR       .....                  (no boots)
Stlth    ++........             (no amulet)
HPRegen  0.48/turn              (no ring)
MPRegen  0.11/turn              (no ring)

@: brilliant, agile, lethally poisoned (-5 -> -6)
A: fangs 2, regeneration 1, magic shield, antimagic bite, no potion heal 3, rot
immunity
a: no special abilities


You were on level 5 of the Dungeon.
You were hungry.

You visited 1 branch of the dungeon, and saw 5 of its levels.

You collected 123 gold pieces.

Inventory:

Hand Weapons
 a - a +0 falchion (weapon)
Armour
 g - a +1 leather armour of cold resistance (worn)
 i - a +0 buckler (worn)
Scrolls
 b - 3 scrolls of identify {unknown}
 j - a scroll of magic mapping {unknown}
 l - 3 scrolls of fog {unknown}
 o - 2 scrolls of immolation {unknown}
 p - a scroll of remove curse {unknown}
Potions
 h - 4 potions of curing {unknown}
 k - a potion of cancellation {unknown}
 m - a potion of degeneration {unknown}
 n - 3 potions of flight {unknown}
Books
 c - a book of Battle

   Spells                             Type                      Level
   a - Infusion                       Charms                       1
   b - Shroud of Golubria             Charms/Translocation         2
   c - Song of Slaying                Charms                       2
   d - Spectral Weapon                Hexes/Charms                 3
   e - Regeneration                   Charms/Necromancy            3
Comestibles
 d - 7 rations


   Skills:
 - Level 1.7 Fighting
 + Level 5.0 Long Blades
 - Level 0.7 Armour
 - Level 1.5 Dodging
 - Level 2.1 Spellcasting
 - Level 3.0 Charms


You had 7 spell levels left.
You knew the following spells:

 Your Spells              Type           Power        Failure   Level  Hunger
a - Infusion              Chrm           ###.         1%          1    #......


Dungeon Overview and Level Annotations

Branches:
Dungeon (6/15)
 Temple: D:4-7

Altars:
Ashenzari
Dithmenos
Uskayaw
Zin

Annotations:
D:5 1 runed door


Innate Abilities, Weirdness & Mutations

You have extremely sharp teeth.
Your natural rate of healing is unusually fast.
When hurt, damage is shared between your health and your magic reserves.
Your bite disrupts and absorbs the magic of your enemies.
Potions cannot restore your health.
You are immune to rotting.


Message History

The magic dart hits you!
You barely miss the orc wizard. Your bite misses the orc wizard.
The orc wizard is heavily wounded.
The orc wizard points at you and mumbles some strange words.
The magic dart hits you!
* * * LOW HITPOINT WARNING * * *
The orc hits you with a hand axe.
* * * LOW HITPOINT WARNING * * *
Unknown command.
It was a potion of agility.
You feel agile all of a sudden. You block the orc wizard's attack.
The orc hits you but does no damage.
The orc wizard hits you but does no damage.
It was a potion of brilliance.
You feel clever all of a sudden. The worker ant completely misses you.
The orc wizard hits you but does no damage.
The orc priest calls down the wrath of Beogh upon you.
Beogh smites you!
You die...

#...##...............#
#...................##
#..................##
####...............#
##.............##
##............#
##......._..##
##[.....ao.#
##.....o@.#
##.....o###
#....##o..####
#..######..oo### ##..#
####ao.### ##...#
###..o#### ##....#
####...### ##..>..#
###...### ##......#
###...#


You could see a worker ant, an orc priest, an orc wizard and 2 orcs.

Vanquished Creatures
  A hound (D:5)
  An iguana (D:5)
  A worker ant (D:5)
  3 adders
  2 oozes (D:1)
  A worm (D:2)
  A dart slug (D:2)
  A leopard gecko (D:2)
  An orc (D:5)
  A giant cockroach (D:1)
  7 hobgoblins
  2 jackals (D:2)
  5 kobolds
  A quokka (D:2)
  5 bats
  2 frilled lizards
  5 goblins
  9 rats
49 creatures vanquished.

Notes
Turn   | Place    | Note
-------+----------+-------------------------------------------
     0 | D:1      | inmateoo the Vine Stalker Skald began the quest for the Orb.
     0 | D:1      | Reached XP level 1. HP: 11/11 MP: 4/4
    43 | D:1      | Reached skill level 2 in Long Blades
    57 | D:1      | Reached XP level 2. HP: 6/15 MP: 1/6
   535 | D:1      | Reached skill level 3 in Long Blades
   535 | D:1      | Reached XP level 3. HP: 6/18 MP: 3/7
  1150 | D:2      | Found a shattered altar of Ashenzari.
  1176 | D:2      | Found a hide-covered altar of Uskayaw.
  1214 | D:2      | Gained mutation: Your natural rate of healing is unusually fast. [Vine Stalker growth]
  1214 | D:2      | Reached XP level 4. HP: 15/23 MP: 8/8
  1332 | D:2      | Found a shadowy altar of Dithmenos.
  1363 | D:2      | Reached skill level 4 in Long Blades
  1560 | D:2      | You fall through a shaft for 2 floors!
  1575 | D:5      | Entered Level 5 of the Dungeon
  1693 | D:5      | Reached XP level 5. HP: 21/26 MP: 6/9
  1741 | D:5      | Found a glowing silver altar of Zin.
  1842 | D:5      | Found a runed door.
  1940 | D:5      | Reached skill level 5 in Long Blades
  1946 | D:5      | Killed from afar by an orc priest

Skill      XL: |  1  2  3  4  5 |
---------------+----------------+-----
Long Blades    | 2 3 4 5 |  5.0
Fighting       | |  1.7
Armour         | |  0.7
Dodging        | |  1.5
Spellcasting   | |  2.1
Charms         | |  3.0

Action                   |  1- 3 |  4- 6 || total
-------------------------+-------+-------++-------
Melee: Falchion          |    83 |    67 ||   150
       Bite              |    20 |    13 ||    33
  Use: Potion            |       |     2 ||     2
  Eat: Chunk             |     1 |     2 ||     3
Armor: Leather armour    |    34 |    21 ||    55
Dodge: Dodged            |    44 |    48 ||    92
Block: Buckler           |     7 |    13 ||    20
       Rpst.: Falchion   |    17 |    14 ||    31
